 Dungeon Crawl Stone Soup version 0.14-a0-586-g2535b90 (webtiles) character file.

100 PolkaDot the Sneak (level 3, -2/22 HPs)
             Began as a Vampire Wizard on Nov 4, 2013.
             Killed from afar by an orc wizard (6 damage)
             ... with a magic dart
             ... on Level 4 of the Dungeon.
             The game lasted 00:04:17 (687 turns).

PolkaDot the Sneak (Vampire Wizard)                  Turns: 687, Time: 00:04:17

HP  -2/22        AC  3     Str  6      XL: 3   Next: 66%
MP   2/10        EV 12     Int 21      God:
Gold 46          SH  0     Dex 12      Spells:  1 memorised,  7 levels left

Res.Fire  : . . .   See Invis. : +   f - +3 dwarf hand axe
Res.Cold  : . . .   Warding    : .   a - +0 robe
Life Prot.: . . .   Conserve   : .   (no shield)
Res.Poison: .       Res.Corr.  : .   b - +0 wizard hat
Res.Elec. : .       Clarity    : .   (no cloak)
Sust.Abil.: . .     Spirit.Shd : .   i - +0 pair of gauntlets
Res.Mut.  : .       Stasis     : .   (no boots)
Res.Rott. : .       Flight     : .   (no amulet)
Saprovore : . . .                    (no ring)
                                     (no ring)

@: regenerating quickly, very slightly contaminated, slowed, very slow, slightly
resistant to hostile enchantments, stealthy
A: fangs 3, see invisible, unbreathing
a: no special abilities


You were on level 4 of the Dungeon.
You were full.

You visited 1 branch of the dungeon, and saw 4 of its levels.

You collected 46 gold pieces.

Inventory:

Hand weapons
 f - a +3,+3 dwarven hand axe (weapon)
Armour
 a - a +0 robe (worn)
 b - a +0 wizard hat (worn)
 i - a +0 pair of gauntlets (worn)
Scrolls
 e - a scroll of remove curse {unknown}
 h - 2 scrolls of enchant weapon I {unknown}
 j - a scroll of identify {unknown}
Potions
 d - a potion of heal wounds
Books
 c - a book of Minor Magic

   Spells                             Type                      Level
   *Magic Dart                        Conjuration                  1
   Blink                              Translocation                2
   Call Imp                           Summoning                    2
   Repel Missiles                     Charms/Air                   2
   Slow                               Hexes                        2
   Conjure Flame                      Conjuration/Fire             3
   Mephitic Cloud                     Conjuration/Poison/Air       3


   Skills:
 - Level 2.1 Dodging
 - Level 3.0 Stealth
 - Level 3.0 Spellcasting
 * Level 2.6 Conjurations
   Level 1.0 Summonings
   Level 0.7 Translocations


You had 7 spell levels left.
You knew the following spells:

 Your Spells              Type           Power        Failure   Level  Hunger
a - Magic Dart            Conj           ##..         6%          1    None


Dungeon Overview and Level Annotations

Branches:
Dungeon (4/27)
 Temple: D:4-7

Altars:


Innate Abilities, Weirdness & Mutations

Your natural rate of healing is unusually fast.
You have razor-sharp teeth.*
You have supernaturally acute eyesight.
You can survive without breathing.*


Message History

The orc wizard is lightly wounded.
The orc wizard mumbles some strange words.
The orc wizard blinks!
An orc priest comes into view. It is wielding an orcish whip.
You see here an orcish mace.
The orc wizard hits you with an orcish dagger.
The orc priest calls upon Beogh to heal the orc wizard.
The orc wizard's wounds heal themselves!
The orc wizard points at you and mumbles some strange words.
The magic dart hits you!
The orc wizard points at you and mumbles some strange words.
The magic dart hits you!
* * * LOW HITPOINT WARNING * * *
There is an open door here.
As you close the door, it creaks loudly!
Something unseen opens the door.
The orc wizard closely misses you.
The orc wizard gestures at you while chanting.
The magic dart hits you!
You die...

...# #....#
#....# #....#
#....# #....#
#....#
#....#########
#..@.o.........
#.####'#####..
#.#.)..o...#
#.#........#
#.#........#
#.#.o......# .
#.'........#
..#
#.#........#
...#
#.#........#
....+


You could see an orc wizard.

Vanquished Creatures
  An orc priest (D:4)
  An adder (D:2)
  A giant gecko (D:2)
  A bat (D:3)
  3 giant cockroaches
  A goblin (D:3)
  2 kobolds
  A quokka (D:3)
  A ball python (D:2)
  2 giant newts (D:2)
14 creatures vanquished.

Notes
Turn   | Place    | Note
--------------------------------------------------------------
     0 | D:1      | PolkaDot, the Vampire Wizard, began the quest for the Orb.
     0 | D:1      | Reached XP level 1. HP: 11/11 MP: 6/6
   136 | D:2      | Reached skill level 1 in Conjurations
   136 | D:2      | Reached XP level 2. HP: 12/17 MP: 0/8
   668 | D:4      | Reached XP level 3. HP: 9/22 MP: 1/10
   687 | D:4      | Killed from afar by an orc wizard

Action                   || total
-------------------------++-------
Melee: Unarmed           ||     4
       Hand axe          ||     2
 Cast: Magic Dart        ||    48
  Use: Potion            ||     3
